Map: Dusk Towers

Players

LMLelas

  • Race: Zerg Zerg
  • League: Silver

Federation - Winner!

  • Race: Terran Terran
  • League: Silver

VOD

Have the link to the VOD?

Description

Time

  • Played on: May 17, 2016, 5:59 p.m.
  • Length: 30:00
Show
View Real Time Build Order
Export as new Build Order

LMLelas Zerg 

Build Orders: Hatch First 

Get SALT Encoding   

  12  0:01  Drone  
  13  0:08  Drone  
  14  0:14  Extractor  
  14  0:18  Drone  
  15  0:23  Overlord  
  15  0:41  Drone x2  
  17  0:45  Drone  
  18  1:00  Drone  
  18  1:02  Hatchery  
  18  1:06  Drone  
  19  1:16  Spawning Pool  
  18  1:21  Extractor  
  18  1:23  Drone  
  18  1:30  Drone  
  19  1:38  Overlord  
  19  2:03  Zergling x2  
  19  2:04  Zergling x2, Queen  
  23  2:14  Queen  
  25  2:17  Drone x2  
  25  2:21  Metabolic Boost  
  27  2:28  Drone x2  
  29  2:40  Queen  
  31  3:01  Overlord x2  
  31  3:19  Extractor  
  30  3:32  Drone  
  30  3:33  Drone x11  
  42  3:52  Lair  
  42  3:57  Roach Warren  
  42  4:01  Evolution Chamber  
  40  4:27  Zerg Missile Weapons Level 1  
  40  4:37  Evolution Chamber  
  39  4:50  Glial Reconstitution  
  38  4:54  Spire  
  37  5:10  Overlord x2  
  37  5:14  Zerg Ground Armor Level 1  
  37  5:29  Drone x12  
  37  5:30  Drone x2  
  37  5:35  Extractor  
  50  5:38  Extractor  
  49  6:16  Overlord x2  
  49  6:33  Hatchery  
  48  6:41  Overseer  
  48  6:48  Mutalisk x6  
  60  7:27  Mutalisk x3  
  60  7:29  Overlord  
  66  7:30  Overlord  
  66  8:10  Roach  
  66  8:11  Roach x10  
  88  8:51  Overlord x2  
  88  8:55  Zerg Missile Weapons Level 2  
  88  8:56  Zerg Ground Armor Level 2  
  81  9:34  Roach x8  
  81  9:35  Overlord x2  
  81  9:36  Overlord x2  
  89  10:09  Roach x12  
  89  10:10  Roach x8  
  89  10:11  Overlord x3  
  129  10:31  Drone x6  
  129  10:32  Drone x5  
  140  10:38  Infestation Pit  
  140  10:40  Pneumatized Carapace  
  140  10:42  Zerg Flyer Weapons Level 1  
  133  11:21  Ravager x12  
  133  11:22  Ravager x2  
  133  11:25  Drone  
  148  11:26  Drone x6  
  148  11:27  Overlord x4  
  154  11:39  Extractor  
  153  11:42  Queen, Extractor  
  153  11:43  Hive  
  153  11:45  Spore Crawler  
  153  11:47  Hatchery, Spore Crawler  
  152  11:53  Overseer  
  149  12:46  Roach x8  
  149  12:47  Roach  
  167  12:55  Zerg Missile Weapons Level 3  
  167  12:56  Zerg Ground Armor Level 3  
  138  13:50  Roach  
  138  13:51  Roach x11  
  162  14:48  Overlord, Roach x3  
  162  14:49  Overlord x2  
  168  15:07  Overlord x6  
  168  15:11  Overlord x3  
  168  15:17  Spore Crawler  
  167  15:22  Spore Crawler  
  166  15:31  Corruptor  
  166  15:32  Corruptor x13  
  168  16:19  Queen  
  170  16:27  Drone x12  
  170  16:29  Overlord  
  170  16:30  Overlord x10  
  130  17:19  Roach  
  130  17:20  Roach x11  
  90  18:04  Roach x12  
  108  18:20  Extractor  
  108  18:21  Extractor  
  106  18:34  Overlord  
  106  18:35  Corruptor x2  
  106  18:36  Corruptor x5  
  63  20:00  Roach  
  63  20:01  Overlord x2, Roach x4  
  63  20:02  Overlord x2  
  63  20:03  Zergling x2  
  63  20:04  Zergling x46  
  85  20:15  Hatchery  
  85  20:17  Extractor  
  83  20:22  Extractor  
  82  20:52  Zergling x26  
  81  21:50  Queen  
  76  22:25  Queen, Spore Crawler  
  76  23:21  Zergling x2  
  76  23:22  Zergling x46  
  76  23:23  Zergling x2, Overseer  
  101  23:40  Zergling x16  
  109  23:53  Baneling Nest  
  108  24:13  Zergling x34  
  125  24:32  Corruptor x4  
  133  24:58  Corruptor  
  135  25:02  Zergling x18  
  135  25:03  Zergling x20  
  148  25:33  Zergling x2  
  148  25:34  Zergling x10  
  141  26:14  Zergling x2  
  96  27:07  Drone  
  36  28:27  Corruptor  
  32  28:54  Drone  
Show
View Real Time Build Order
Export as new Build Order

Federation Terran - Winner!

Build Orders:  

Get SALT Encoding   

  12  0:02  SCV  
  13  0:14  Supply Depot  
  13  0:18  SCV  
  14  0:30  SCV  
  15  0:42  SCV  
  15  0:48  Barracks  
  16  0:55  SCV  
  17  1:07  Supply Depot, SCV  
  18  1:19  SCV  
  18  1:25  Refinery  
  19  1:31  SCV  
  20  1:43  SCV  
  21  1:53  Marine, Command Center  
  22  1:55  SCV  
  23  2:07  SCV  
  24  2:11  Marine  
  25  2:19  Bunker, SCV  
  26  2:29  Marine  
  27  2:31  Refinery, SCV  
  28  2:40  Engineering Bay  
  28  2:43  SCV  
  29  2:54  Factory  
  29  2:56  SCV  
  30  3:08  SCV  
  30  3:09  SCV  
  32  3:20  SCV  
  32  3:21  SCV  
  32  3:27  Missile Turret  
  34  3:33  SCV  
  35  3:40  Command Center  
  35  3:44  Factory Tech Lab  
  35  3:45  SCV  
  36  3:51  Starport  
  36  3:53  Missile Turret  
  36  3:57  SCV  
  36  4:02  Refinery  
  37  4:09  SCV  
  38  4:11  Siege Tank  
  41  4:19  Missile Turret  
  41  4:21  SCV  
  42  4:31  Starport Tech Lab, Sensor Tower  
  42  4:33  SCV  
  42  4:36  Missile Turret  
  42  4:37  Planetary Fortress  
  43  4:45  Missile Turret  
  43  4:46  SCV  
  44  4:57  Barracks  
  44  4:58  SCV  
  45  5:04  Missile Turret  
  45  5:10  SCV  
  45  5:11  Factory  
  46  5:25  Siege Tank  
  46  5:26  Cloaking Field  
  49  5:31  Missile Turret  
  49  5:32  SCV  
  50  5:40  SCV, Sensor Tower  
  51  5:44  SCV  
  51  5:49  Barracks Tech Lab  
  52  5:52  SCV  
  52  5:56  SCV  
  54  5:59  Widow Mine, Sensor Tower  
  56  6:05  SCV  
  56  6:06  Supply Depot  
  56  6:08  SCV  
  56  6:09  Missile Turret  
  58  6:16  Armory  
  58  6:17  SCV  
  59  6:20  SCV  
  60  6:27  Missile Turret, Widow Mine x2  
  60  6:29  SCV  
  60  6:32  SCV  
  66  6:35  Missile Turret  
  66  6:39  Refinery  
  66  6:41  SCV  
  66  6:44  SCV  
  68  6:53  SCV  
  69  6:59  Armory  
  69  7:02  Missile Turret  
  69  7:07  Terran Ship Weapons Level 1  
  69  7:12  Supply Depot  
  69  7:19  Command Center  
  69  7:29  Supply Depot  
  69  7:33  Widow Mine  
  69  7:34  SCV x2  
  73  7:40  Command Center  
  73  7:43  Missile Turret  
  73  7:46  SCV  
  74  7:57  Terran Vehicle And Ship Armor Level 1, Command Center  
  74  7:58  SCV  
  75  8:02  Missile Turret, Widow Mine  
  77  8:08  Planetary Fortress  
  77  8:10  SCV  
  78  8:16  Missile Turret  
  77  8:22  Factory Tech Lab, SCV  
  68  8:31  Siege Tank  
  68  8:33  Missile Turret, Planetary Fortress  
  70  8:42  Raven  
  72  8:49  Ghost Academy  
  72  8:54  Missile Turret  
  72  8:57  Missile Turret  
  72  9:01  Corvid Reactor  
  72  9:03  Siege Tank  
  75  9:13  SCV  
  76  9:17  Missile Turret  
  75  9:27  SCV  
  76  9:48  Ghost Academy  
  76  9:53  Starport  
  76  9:56  Personal Cloaking  
  76  10:01  Missile Turret  
  76  10:07  Missile Turret  
  76  10:22  SCV  
  76  10:23  SCV  
  78  10:29  Nuke  
  78  10:30  Starport Reactor  
  78  10:34  SCV  
  78  10:35  SCV  
  80  10:39  Missile Turret  
  80  10:43  Missile Turret  
  80  10:46  SCV  
  80  10:47  SCV  
  82  10:51  Missile Turret  
  82  10:54  Missile Turret  
  82  10:58  SCV  
  82  10:59  SCV  
  82  11:00  Missile Turret  
  82  11:04  Supply Depot  
  84  11:06  Missile Turret  
  84  11:10  SCV  
  85  11:11  SCV  
  85  11:15  Refinery  
  83  11:22  SCV  
  83  11:25  Missile Turret  
  84  11:27  Missile Turret  
  84  11:31  Factory, Planetary Fortress  
  84  11:34  SCV  
  84  11:36  Viking x2  
  89  11:47  Missile Turret  
  89  11:54  Refinery  
  89  11:57  Planetary Fortress  
  89  12:04  Terran Ship Weapons Level 2  
  89  12:06  Viking x2  
  93  12:20  Factory Reactor  
  93  12:22  Missile Turret  
  93  12:26  Sensor Tower  
  93  12:28  Terran Vehicle And Ship Armor Level 2  
  93  12:35  Command Center  
  93  12:36  Viking x2  
  97  12:38  Missile Turret  
  97  12:45  Missile Turret  
  97  13:04  Widow Mine x2  
  101  13:06  Viking x2  
  90  13:50  SCV  
  90  13:52  Missile Turret  
  91  13:59  Building Armor  
  90  14:03  SCV  
  90  14:04  Ghost Academy  
  91  14:12  Missile Turret  
  91  14:14  Ghost  
  93  14:20  Supply Depot  
  93  14:26  Supply Depot  
  93  14:40  Supply Depot  
  93  14:42  Thor, SCV  
  100  14:47  Ghost  
  102  14:54  SCV  
  103  15:06  SCV  
  102  15:18  SCV  
  103  15:22  Refinery  
  103  15:24  Thor  
  109  15:30  SCV  
  109  15:32  Nuke  
  110  15:38  Refinery  
  110  15:42  SCV  
  111  15:54  SCV  
  112  16:07  SCV  
  101  16:19  SCV  
  102  16:25  Viking x2  
  100  17:01  Viking  
  100  17:32  Planetary Fortress  
  96  17:43  Command Center  
  90  17:47  Viking  
  85  17:52  Viking  
  73  18:17  Viking  
  73  18:19  Supply Depot  
  75  18:22  Viking  
  76  18:47  Viking  
  63  20:27  Command Center  
  57  21:47  SCV  
  57  21:49  Barracks  
  58  21:57  Planetary Fortress  
  58  21:59  SCV  
  59  22:05  Fusion Core  
  59  22:11  SCV  
  59  22:15  SCV  
  61  22:23  SCV  
  61  22:24  Refinery  
  61  22:27  SCV  
  63  22:35  Barracks, SCV  
  64  22:38  Barracks Tech Lab  
  64  22:39  SCV  
  64  22:43  Factory  
  65  22:48  SCV  
  65  22:49  Missile Turret  
  64  23:00  SCV  
  64  23:02  Battlecruiser  
  71  23:11  SCV  
  71  23:12  SCV  
  73  23:22  Command Center  
  73  23:23  SCV  
  73  23:24  SCV  
  73  23:26  Barracks Tech Lab  
  75  23:29  Nuke  
  75  23:30  Nuke  
  75  23:35  SCV  
  75  23:37  Factory Tech Lab  
  70  23:42  Missile Turret  
  70  23:47  SCV  
  71  23:57  Missile Turret  
  71  23:59  SCV  
  71  24:01  Ghost  
  74  24:06  Battlecruiser  
  80  24:12  SCV  
  81  24:18  Missile Turret  
  81  24:24  SCV  
  82  24:27  Missile Turret  
  82  24:36  SCV  
  83  24:42  Command Center  
  83  24:45  Ghost  
  83  24:47  SCV  
  83  24:48  SCV  
  88  25:00  SCV  
  87  25:12  SCV  
  86  25:24  SCV  
  87  25:36  SCV  
  86  25:46  Siege Tank  
  86  25:48  SCV  
  88  25:56  Battlecruiser  
  94  25:57  Viking x2  
  94  26:00  SCV  
  97  26:08  Refinery  
  97  26:14  Planetary Fortress  
  98  26:19  Siege Tank  
  98  26:20  Command Center  
  98  26:24  Planetary Fortress  
  100  26:27  Viking  
  100  26:28  Refinery  
  100  26:31  Viking  
  80  26:57  Viking  
  80  27:00  Battlecruiser  
  88  27:01  Viking, SCV  
  88  27:07  Nuke  
  91  27:13  SCV  
  92  27:25  SCV  
  92  27:27  Viking  
  90  28:38  Battlecruiser  
Tags
 
Add a new tag
Caveats
  • Supply blocks, unpowered buildings, or Contaminate may cause inaccurate times.
  • Supply counts are checked every 10 seconds.